AoeStats
← K

Lombardia

509377051Analyzed
3v3 RM · 7d ago on Sep 26, 2026· 68m 14s· 6 players
Game mode
Random Map
Map size
Normal (6 player)
Population
200
Speed
Normal
Resources
Standard
Victory
Conquest
Starting age
Dark Age
Ending age
Imperial Age
RankedLock teamsTeams togetherTeam positionsShared explorationLock speedFull tech treeHidden civsTurbo modeCheats
Victory
Defeat
🇹🇷 Chinese · Türkiye
1004
+16
🇳🇱 Khmer · Netherlands
999
+17
🇫🇷 Spanish · France
962
+18
🇬🇧 Teutons · United Kingdom
1156
-22
🇺🇸 Slavs · United States
951
-15
929
-14
бездельник
5:08 Loom
10:49 Feudal Age
12:02 Double-Bit Axe
20:30 Castle Age
18:51 Horse Collar
22:21 Bow Saw
22:13 Heavy Plow
22:52 Wheelbarrow
23:41 Town Watch
24:21 Scale Barding Armor
24:48 Husbandry
24:58 Bloodlines
28:31 Gold Mining
28:33 Stone Mining
29:13 Hand Cart
30:03 Chain Barding Armor
29:43 Fletching
30:51 Bloodlines
30:49 Light Cavalry
32:40 Bodkin Arrow
32:55 Forging
38:00 Imperial Age
37:01 Tusk Swords
39:12 Crop Rotation
38:18 Elite Battle Elephant
39:41 Conscription
39:26 Crossbowman
40:16 Bracer
41:12 Plate Barding Armor
41:14 Iron Casting
40:42 Padded Archer Armor
47:17 Hussar
49:01 Blast Furnace
50:09 Conscription
52:06 Chemistry
51:30 Ballistics
51:21 Masonry
52:12 Hoardings
54:13 Double Crossbow
53:44 Capped Ram
61:50 Cavalier
Anne d'autriche
7:49 Loom
9:46 Feudal Age
8:49 Loom
10:27 Double-Bit Axe
12:20 Wheelbarrow
11:39 Horse Collar
13:00 Gold Mining
18:32 Castle Age
18:18 Stone Mining
19:56 Bow Saw
19:55 Heavy Plow
31:03 Imperial Age
28:48 Fletching
32:07 Conscription
33:05 Two-Man Saw
34:33 Elite Conquistador
35:50 Hand Cart
36:53 Caravan
37:41 Stone Shaft Mining
41:07 Scale Mail Armor
41:18 Forging
40:33 Pikeman
41:13 Halberdier
42:16 Squires
42:18 Gambesons
44:17 Iron Casting
43:43 Bodkin Arrow
47:47 Chain Mail Armor
48:33 Blast Furnace
49:22 Plate Mail Armor
49:16 Bracer
49:55 Arson
58:25 Capped Ram
60:00 Ballistics
60:41 Chemistry
59:38 Murder Holes
59:18 Siege Ram
60:39 Cavalier
61:19 Husbandry
61:30 Bloodlines
60:41 Light Cavalry
61:34 Hussar
63:04 Scale Barding Armor
65:02 Chain Barding Armor
65:15 Town Watch
67:16 Plate Barding Armor
sultanilhan
0:35 Loom
10:57 Feudal Age
13:39 Double-Bit Axe
18:23 Castle Age
17:10 Gold Mining
18:30 Stone Mining
18:39 Fletching
19:28 Bow Saw
20:00 Stone Shaft Mining
20:06 Gold Shaft Mining
21:34 Horse Collar
23:37 Heavy Plow
23:42 Bodkin Arrow
27:48 Thumb Ring
28:35 Padded Archer Armor
30:16 Ballistics
30:15 Leather Archer Armor
34:19 Imperial Age
33:13 Pikeman
33:53 Squires
33:40 Arson
34:53 Wheelbarrow
34:04 Town Watch
34:27 Elite Chu Ko Nu
35:28 Conscription
36:00 Hand Cart
37:13 Chemistry
37:39 Bracer
38:44 Two-Man Saw
38:21 Town Patrol
39:21 Ring Archer Armor
40:49 Masonry
40:35 Murder Holes
41:30 Caravan
43:35 Halberdier
44:18 Scale Mail Armor
44:29 Forging
47:31 Architecture
53:52 Chain Mail Armor
54:12 Iron Casting
57:22 Plate Mail Armor
57:53 Blast Furnace
56:32 Man-at-Arms
57:46 Scale Barding Armor
59:08 Cavalier
59:48 Husbandry
59:59 Bloodlines
61:01 Chain Barding Armor
打爆你的金针菇
11:23 Feudal Age
9:52 Double-Bit Axe
15:13 Bow Saw
17:25 Castle Age
17:00 Stone Mining
17:05 Gold Mining
17:00 Horse Collar
21:21 Loom
22:13 Wheelbarrow
25:08 Heavy Plow
24:55 Cavalier
25:57 Forging
25:53 Scale Barding Armor
28:05 Husbandry
32:16 Imperial Age
32:26 Gold Shaft Mining
32:31 Hand Cart
32:51 Crop Rotation
32:39 Burgundian Vineyards
34:45 Paladin
36:41 Chemistry
35:25 Treadmill Crane
35:56 Fortified Wall
36:02 Masonry
37:39 Two-Man Saw
37:42 Iron Casting
37:27 Chain Barding Armor
40:35 Blast Furnace
40:11 Plate Barding Armor
40:08 Elite Coustillier
42:04 Pikeman
42:43 Halberdier
48:13 Fletching
48:24 Padded Archer Armor
47:49 Elite Skirmisher
50:41 Bodkin Arrow
51:02 Leather Archer Armor
52:52 Bracer
61:16 Scale Mail Armor
63:11 Light Cavalry
K
10:14 Feudal Age
16:02 Castle Age
20:15 Loom
21:56 Double-Bit Axe
23:20 Forging
26:16 Scale Barding Armor
27:39 Wheelbarrow
28:15 Bloodlines
28:30 Stone Mining
31:11 Town Watch
35:12 Imperial Age
34:24 Iron Casting
33:59 Horse Collar
36:25 Hand Cart
36:49 Heavy Plow
37:21 Bow Saw
38:14 Conscription
38:06 Cavalier
41:42 Blast Furnace
41:03 Chain Barding Armor
41:27 Gold Mining
43:46 Paladin
45:28 Crop Rotation
46:42 Plate Barding Armor
49:58 Fletching
50:09 Padded Archer Armor
50:09 Elite Skirmisher
51:10 Bodkin Arrow
54:23 Chemistry
53:54 Padded Archer Armor
55:19 Pikeman
55:45 Gambesons
56:00 Squires
58:22 Two-Man Saw
58:51 Scale Mail Armor
mattpowell74
12:28 Feudal Age
10:44 Loom
14:02 Wheelbarrow
13:10 Horse Collar
14:00 Man-at-Arms
16:11 Scale Mail Armor
22:26 Castle Age
22:01 Stone Mining
22:04 Gold Mining
22:08 Double-Bit Axe
29:54 Imperial Age
28:22 Gold Shaft Mining
28:00 Forging
27:56 Scale Barding Armor
28:33 Fletching
29:08 Ballistics
28:51 Heavy Plow
29:16 Bow Saw
30:12 Detinets
31:58 Sanctity
32:04 Squires
32:41 Pikeman
34:30 Chain Mail Armor
34:51 Iron Casting
36:17 Hand Cart
35:48 Town Watch
37:14 Two-Man Saw
36:48 Crop Rotation
35:42 Halberdier
37:31 Caravan
38:03 Siege Engineers
38:10 Masonry
38:14 Fortified Wall
37:57 Guard Tower
38:54 Capped Ram
41:27 Druzhina
40:56 Light Cavalry
41:47 Bloodlines
41:37 Husbandry
50:40 Siege Ram
52:43 Hussar
59:09 Heavy Scorpion
Connection lost

Rejoining the realm…

Still unreachable

The connection could not be restored.

Session expired

The server has moved on; the page needs a fresh start.